 Dungeon Crawl Stone Soup version 0.24-a0-474-g47c397e050 (webtiles) character file.

Game seed: 10484159737073215844

562 Mithandil the Conjurer (level 7, -3/36 HPs)
             Began as a Deep Elf Conjurer on July 4, 2019.
             Slain by Duvessa
             ... wielding a +0 short sword
              (8 damage)
             ... on level 4 of the Dungeon on July 5, 2019.
             The game lasted 00:28:15 (4299 turns).

Mithandil the Conjurer (Deep Elf Conjurer)          Turns: 4299, Time: 00:28:16

Health: -3/36      AC:  5    Str:  5    XL:     7   Next: 10%
Magic:  10/17      EV: 14    Int: 22    God:
Gold:   198        SH:  0    Dex: 15    Spells: 3/17 levels left

rFire    . . .     SeeInvis .   a - +0 dagger
rCold    . . .     Gourm    .   (no shield)
rNeg     . . .     Faith    .   j - +2 robe
rPois    .         Spirit   .   f - +0 helmet
rElec    .         Reflect  .   (no cloak)
rCorr    .         Harm     .   (no gloves)
MR       .....                  (no boots)
Stlth    +++.......             i - amulet of the acrobat
HPRegen  0.12/turn              (no ring)
MPRegen  0.15/turn              (no ring)

@: no status effects
A: no striking features
a: no special abilities


You were on level 4 of the Dungeon.
You were not hungry.

You visited 1 branch of the dungeon, and saw 5 of its levels.

You collected 198 gold pieces.

Inventory:

Hand Weapons
 a - a +0 dagger (weapon)
Missiles
 c - 29 arrows
 e - 170 stones (quivered)
Armour
 f - a +0 helmet (worn)
 j - a +2 robe (worn)
Jewellery
 i - an amulet of the acrobat (around neck)
Scrolls
 g - a scroll of remove curse
 h - a scroll of fear
 s - a scroll of identify
Potions
 b - a potion of might {unknown}
 d - 4 potions of curing
 k - a potion of heal wounds {unknown}
 m - a potion of haste {unknown}
 o - a potion of magic {unknown}
 p - a potion of resistance {unknown}
 r - a potion of flight {unknown}
Comestibles
 l - 2 rations


   Skills:
 + Level 2.1 Short Blades
 + Level 3.9 Dodging
 + Level 4.2 Stealth
 * Level 5.9 Spellcasting
 * Level 6.0 Conjurations
 + Level 1.5 Hexes
 + Level 2.0 Translocations


You had 3 spell levels left.
You knew the following spells:

 Your Spells              Type           Power        Failure   Level  Hunger
a - Magic Dart            Conj           ####         1%          1    None
b - Searing Ray           Conj           ####..       1%          2    None
c - Force Lance           Conj/Tloc      ###.....     17%         4    ###....
d - Iskenderun's Mystic   Conj           ####....     8%          4    ###....
e - Dazzling Spray        Conj/Hex       ###...       6%          3    #......

Your spell library contained the following spells:

 Spells                   Type           Power        Failure   Level  Hunger
 Apportation              Tloc           ###...       4%          1    None
 Confusing Touch          Hex            ##....       4%          1    None
 Animate Skeleton         Necr           N/A          10%         1    None
 Summon Small Mammal      Summ           #...         10%         1    None
 Fulminant Prism          Conj/Hex       ###.......   19%         4    ###....


Dungeon Overview and Level Annotations

Branches:
Dungeon (5/15)
 Temple: D:4-7

Altars:
Fedhas
Hepliaklqana
Kikubaaqudgha
Trog
The Shining One

Annotations:
D:4 Duvessa, Edmund
D:5 Sigmund


Message History

Casting: Magic Dart (safe; 1% risk of failure)
Confirm with . or Enter, or press ? or * to list all spells.
Aiming: Magic Dart (safe; 1% risk of failure)
Press: ? - help, Shift-Dir - straight line, f/p - Duvessa
Aim: Duvessa, wielding a +0 short sword and wearing a +0 leather armour (lightly wounded, berserk, fast, unusually strong)
The magic dart hits Duvessa but does no damage.
Duvessa is lightly wounded.
Duvessa hits you with a +0 short sword!
Casting: Magic Dart (safe; 1% risk of failure)
Confirm with . or Enter, or press ? or * to list all spells.
Aiming: Magic Dart (safe; 1% risk of failure)
Press: ? - help, Shift-Dir - straight line, f/p - Duvessa
Aim: Duvessa, wielding a +0 short sword and wearing a +0 leather armour (lightly wounded, berserk, fast, unusually strong)
The magic dart hits Duvessa.
Duvessa is moderately wounded.
Duvessa completely misses you. Duvessa hits you with a +0 short sword.
* * * LOW HITPOINT WARNING * * *
As you read the scroll of fear, it crumbles to dust.
You assume a fearsome visage.
Duvessa hits you with a +0 short sword!
You die...

### #.# ### #.## #.# ###
## ##.## ##.# #.###.#
##.## #.########.##..#
##.###......@e..)...##.#
# #
#..#....#######.......#
# ### ###....###
#........# #
..###...#...#
##..###...# ##
#).....######
##..###....## #.
#.....##
##..####.....####.
#...### ##...#
#...##.....e #...#
#....###.....e.e...
#>..#
##..........<......


You could see Duvessa (berserk).

Vanquished Creatures
  A phantom (D:4)
  Blork the orc (D:3)
  A scorpion (D:4)
  Dowan (D:4)
  A bullfrog skeleton (D:4)
  2 orc wizards (D:3)
  2 worker ants (D:4)
  4 gnolls (D:2)
  7 adders
  An ooze (D:3)
  A worm (D:2)
  3 leopard geckos
  6 orcs
  2 ball pythons
  3 giant cockroaches
  7 goblins
  5 hobgoblins
  3 jackals (D:4)
  4 bats
  4 frilled lizards
  7 kobolds
  A quokka skeleton (D:4)
  10 rats
77 creatures vanquished.

Notes
Turn   | Place    | Note
-------+----------+-------------------------------------------
     0 | D:1      | Mithandil the Deep Elf Conjurer began the quest for the
                  | Orb.
     0 | D:1      | Reached XP level 1. HP: 10/10 MP: 6/6
   268 | D:1      | Reached XP level 2. HP: 15/15 MP: 4/8
   276 | D:1      | Learned a level 2 spell: Searing Ray
   713 | D:1      | Reached XP level 3. HP: 8/19 MP: 3/10
  1704 | D:2      | Reached XP level 4. HP: 24/24 MP: 1/12
  1710 | D:2      | Learned a level 4 spell: Force Lance
  1715 | D:2      | Learned a level 4 spell: Iskenderun's Mystic Blast
  1860 | D:2      | Reached skill level 5 in Conjurations
  2341 | D:2      | Reached skill level 1 in Short Blades
  2703 | D:3      | Found a bloodstained altar of Trog.
  2720 | D:3      | Reached XP level 5. HP: 28/28 MP: 8/13
  2746 | D:3      | Reached skill level 1 in Translocations
  2867 | D:4      | Noticed Blork the orc
  2884 | D:3      | Killed Blork the orc
  2884 | D:3      | Reached skill level 5 in Spellcasting
  3036 | D:3      | Found a blossoming altar of Fedhas.
  3038 | D:3      | Found an ancient bone altar of Kikubaaqudgha.
  3131 | D:3      | Reached XP level 6. HP: 32/32 MP: 8/15
  3136 | D:3      | Learned a level 3 spell: Dazzling Spray
  3221 | D:3      | Upgraded the game from 0.24-a0-464-g6b2be6b8c7 to
                  | 0.24-a0-474-g47c397e050
  3229 | D:3      | Found a glowing golden altar of the Shining One.
  3239 | D:3      | Found a hazy altar of Hepliaklqana.
  3575 | D:5      | Entered Level 5 of the Dungeon
  3583 | D:5      | Noticed Sigmund
  3635 | D:4      | Reached skill level 1 in Hexes
  3899 | D:4      | Reached skill level 6 in Conjurations
  3899 | D:4      | Reached XP level 7. HP: 36/36 MP: 9/17
  4091 | D:4      | Noticed Edmund
  4114 | D:4      | Noticed Duvessa
  4114 | D:4      | Noticed Dowan
  4244 | D:4      | Killed Dowan
  4299 | D:4      | Slain by Duvessa

Levels and vault maps discovered:
D:1:      dpeg_arrival_circle_labyrinth_b, layout_basic
D:2:      layout_basic
D:3:      layout_basic, nicolae_overflow_hidden_temple, lemuel_round_altar,
          nicolae_overflow_crystal_walls,
          grunt_temple_overflow_growth_and_decay, first_ration,
          kennysheep_generic_room_11
D:4:      layout_layer_cave, uniq_duvessa, uniq_blork_the_orc, uniq_edmund
D:5:      layout_loops_ring, minmay_misc_feat_room, uniq_sigmund, uniq_pikel

Skill      XL: |  1  2  3  4  5  6  7 |
---------------+----------------------+-----
Stealth        | 3 4 |  4.2
Spellcasting   | 4 5 |  5.9
Dodging        | 3 |  3.9
Conjurations   | 5 6 |  6.0
Short Blades   | 1 2 |  2.1
Translocations | 1 2 |  2.0
Hexes          | 1 |  1.5

Action                   |  1- 3 |  4- 6 |  7- 9 || total
-------------------------+-------+-------+-------++-------
Melee: Dagger            |    17 |    13 |       ||    30
 Cast: Magic Dart        |    72 |   134 |    20 ||   226
  Use: Scroll            |     7 |     3 |     3 ||    13
  Eat: Ration            |     1 |     1 |       ||     2
       Chunk             |       |     3 |       ||     3
Armor: Robe              |     5 |    13 |       ||    18
Dodge: Dodged            |    18 |    20 |     4 ||    42

Table legend:
 A = Non-vault XP
 B = Vault XP
 C = Vault XP percentage of total XP
 D = Non-vault monster count
 E = Vault monster count
 F = Vault count percentage of total count
                 A         B        C        D         E       F
            +---------+---------+-------+---------+---------+-------
      Total |     640 |     163 |  20.3 |      73 |       4 |   5.2
            +---------+---------+-------+---------+---------+-------
        D:1 |      45 |       0 |   0.0 |      29 |       0 |   0.0
        D:2 |     144 |       0 |   0.0 |      21 |       0 |   0.0
        D:3 |     116 |      96 |  45.3 |      11 |       3 |  21.4
        D:4 |     335 |      67 |  16.7 |      12 |       1 |   7.7
            +---------+---------+-------+---------+---------+-------
